 Dungeon Crawl Stone Soup version 0.30-a0-632-g346586fe48 (webtiles) character file.

Game seed: 4394592669029961822

2303 KennySheep the Conjurer (level 8, -7/62 HPs)
             Began as a Demigod Hedge Wizard on Jan 13, 2023.
             Mangled by a wight
             ... wielding a +6 trident of freezing
              (9 damage)
             ... on level 7 of the Dungeon.
             The game lasted 00:21:08 (8226 turns).

KennySheep the Conjurer (Demigod Hedge Wizard)      Turns: 8226, Time: 00:21:09

Health: -7/62      AC:  5    Str: 11    XL:     8   Next: 97%
Magic:  13/16      EV: 12    Int: 20    God:
Gold:   372        SH:  0    Dex: 17    Spells: 5/13 levels left

rFire   . . .      SeeInvis .    b - +1 lajatang (vamp)
rCold   . . .      Faith    .    (shield currently unavailable)
rNeg    . . .      Spirit   .    d - +0 robe
rPois   .          Reflect  .    c - +0 hat
rElec   .          Harm     .    (no cloak)
rCorr   .          Rampage  .    (no gloves)
Will    .....                    w - +2 pair of boots
Stlth   ++                       o - amulet of the acrobat
HPRegen 0.30/turn                (no ring)
MPRegen 0.15/turn                (no ring)

@: hasted, very quick
A: high MP 1, forlorn, divine attributes, antennae 1
a: no special abilities


You were on level 7 of the Dungeon.
You visited 1 branch of the dungeon, and saw 7 of its levels.

You collected 372 gold pieces.

Inventory:

Hand Weapons
 b - a +1 vampiric lajatang (weapon)
 m - a +0 dagger
Armour
 c - a +0 hat (worn)
 d - a +0 robe (worn)
 p - a +0 buckler
 w - a +2 pair of boots (worn)
Magical Staves
 a - a staff of conjuration
Jewellery
 o - an amulet of the acrobat (around neck)
Wands
 v - a wand of iceblast (9)
Scrolls
 e - 2 scrolls of amnesia
 g - a scroll of teleportation
 i - a scroll of identify
 n - a scroll of fog
 q - a scroll of magic mapping
 s - a scroll of enchant armour {unknown}
 t - a scroll of vulnerability
Potions
 f - a potion of cancellation
 h - a potion of lignification
 j - a potion of flight
 k - 4 potions of curing
 l - 3 potions of haste
 r - a potion of invisibility


   Skills:
 + Level 2.5 Fighting
 * Level 3.7 Staves
 - Level 1.7 Dodging
 - Level 1.7 Stealth
 - Level 3.3 Spellcasting
 - Level 7.8 Conjurations
 - Level 2.0 Summonings
 - Level 1.9 Translocations
 - Level 5.2 Evocations


You had 5 spell levels left.
You knew the following spells:

 Your Spells              Type           Power      Damage    Failure   Level
a - Magic Dart            Conj           100%       1d8       1%          1
b - Blink                 Tloc           22%        N/A       10%         2
c - Call Imp              Summ           11%        N/A       10%         2
d - Mephitic Cloud        Conj/Pois/Air  13%        N/A       14%         3

Your spell library contained the following spells:

 Spells                   Type           Power      Damage    Failure   Level
 Slow                     Hex            12%        N/A       14%         1
 Cigotuvi's Dreadful Rot  Necr/Pois/Air  6%         N/A       22%         2
 Inner Flame              Hex/Fire       3%         N/A       38%         3
 Cause Fear               Hex            1%         N/A       80%         4
 Discord                  Hex            1%         N/A       100%        8


Dungeon Overview and Level Annotations

Branches:
Dungeon (7/15)             Temple (0/1) D:6

Shops:
D:1 (

Annotations:
D:3 1 runed translucent door, Grinder; bande's ghost, amateur GrFi
D:6 1 runed translucent door, Crazy Yiuf
D:7 Menkaure


Innate Abilities, Weirdness & Mutations

You have an increased reservoir of magic. (+10% MP)
You shall have no god before yourself.
Your divine heritage dramatically boosts your attributes as you level up.
You have a pair of small antennae on your head.


Message History

Menkaure calls on the powers of darkness!
Your body is wracked with pain!
Menkaure calls on the powers of darkness!
Your body is wracked with pain!
* * * LOW HITPOINT WARNING * * *
Casting: Magic Dart (safe; 1% risk of failure)
Confirm with . or Enter, or press ? or * to list all spells.
You miscast Call Imp.
You are very lightly contaminated with residual magic.
Nothing appears to happen.
Casting: Call Imp (safe; 10% risk of failure)
Confirm with . or Enter, or press ? or * to list all spells.
A metallic apparition takes form in the air.
Okay, then.
You feel better.
You feel yourself speed up.
The steam dragon hisses angrily.
An orc, an orc wizard and a wight come into view.
The wight is wielding a +6 trident of freezing.
The orc wizard shouts!
You hear a shout! x3
A wight comes into view. It is wielding a +4 morningstar.
A wight comes into view. It is wielding a +0 mace.
An orc comes into view. It is wielding a +0 dagger.
The orc shouts!
You slash the orc!
You feel better.
You kill the orc!
The orc wizard misses you.
An orc comes into view. It is wielding a +0 dagger.
Your magical contamination has completely faded away.
You closely miss the orc.
The orc wizard hits you with a +0 dagger.
The steam dragon breathes steam at you. The ball of steam hits you!!
* * * LOW HITPOINT WARNING * * *
The ball of steam hits the orc!!
The orc dies!
The ball of steam hits the orc!
The orc dies!
The wight hits you from afar with a +6 trident of freezing!
You die...

*****,,,,,,,,,,,
*.....,,,,,,,,,,
#####.~≈~~~~~~~,**,,
#...zz~≈~~~~~~~,**,*
#.....~#*+++**~,**,*
*.....~#,,,,,*~,**,* ********
*,.z..§#>,,,∩*~,,,,, *,,,,,,*
###o§§≈#******~,*,,*
*,,,,,,######.§@#{~~~~~~~~~,,,,*
*,,,,,,+..>.D§.##,,,,,,,,,,,,*,,
*,,,,,,#######M.#********,******
*,,,,,,**** ##.### *,,,,,,,,
*,,,,,,,,,* ##5..####**,,,,,,,,
*,,,,,,**,* #....[...#*,,,,,,,,
##,,,,,,**,* #........#*,,,,,,,,
.#,,,,,,**,* #....#....,,,,,,,,,
.#,,,,,,**,* #....#...#,,,,,,,,,


You could see a steam dragon (catching breath), Menkaure, 3 wights and an orc
wizard.

Vanquished Creatures
  Pikel (D:6)
  Sigmund (D:6)
  A wyvern (D:7)
  2 ogres
  A centaur (D:6)
  A phantom (D:5)
  2 necrophages (D:6)
  A wyvern zombie (D:6)
  A scorpion (D:6)
  3 wights (D:6)
  2 jellies
  A hound (D:6)
  A bullfrog zombie (D:6)
  2 iguanas
  2 orc wizards (D:6)
  3 gnolls (D:3)
  5 adders
  A shadow imp (D:6)
  A white imp (D:7)
  An ufetubus (D:4)
  A worm (D:4)
  3 dart slugs
  4 orcs
  5 ball pythons
  2 bats (D:1)
  9 endoplasms
  3 giant cockroaches
  15 goblins
  4 hobgoblins
  5 jackals
  12 kobolds
  4 quokkas
  5 frilled lizards
  3 rats (D:1)
108 creatures vanquished.

Vanquished Creatures (collateral kills)
  A water moccasin (D:5)
  An ice beast (D:6)
  A wyvern zombie (D:6)
  2 necrophages (D:6)
  A gnoll (D:3)
  An adder (D:6)
  An endoplasm (D:3)
  2 hobgoblins (D:4)
  A jackal (D:2)
11 creatures vanquished.

Vanquished Creatures (others)
  2 orcs (D:7)
  4 bushes (D:6)
  13 plants (D:6)
19 creatures vanquished.

Grand Total: 138 creatures vanquished

Notes
Turn   | Place    | Note
-------+----------+-------------------------------------------
     0 | D:1      | KennySheep the Demigod Hedge Wizard began the quest for the
                  | Orb.
     0 | D:1      | Reached XP level 1. HP: 14/14 MP: 6/6
    76 | D:1      | Reached skill level 1 in Summonings
    76 | D:1      | Reached skill level 1 in Translocations
   389 | D:1      | Reached XP level 2. HP: 20/20 MP: 2/8
   641 | D:1      | Learned a level 2 spell: Blink
   644 | D:1      | Learned a level 2 spell: Call Imp
   999 | D:1      | Found Vaqab's Antique Weapon Boutique.
  1064 | D:1      | Reached XP level 3. HP: 26/26 MP: 8/10
  1966 | D:2      | Reached skill level 1 in Conjurations
  2894 | D:3      | Reached XP level 4. HP: 15/34 MP: 5/11
  3233 | D:3      | Gained mutation: Potions are less effective at restoring
                  | your health. [potion of mutation]
  3233 | D:3      | Gained mutation: You sometimes lose your temper in combat.
                  | [potion of mutation]
  3234 | D:3      | Lost mutation: Potions are less effective at restoring your
                  | health. [potion of mutation]
  3234 | D:3      | Lost mutation: You sometimes lose your temper in combat.
                  | [potion of mutation]
  3234 | D:3      | Gained mutation: You have a pair of small antennae on your
                  | head. [potion of mutation]
  3345 | D:3      | Found a runed translucent door.
  3346 | D:3      | Noticed bande's ghost (amateur GrFi)
  3563 | D:3      | Reached skill level 2 in Conjurations
  3688 | D:3      | Noticed Grinder
  3816 | D:3      | Reached skill level 1 in Evocations
  4278 | D:4      | Reached XP level 5. HP: 39/39 MP: 2/12
  4700 | D:4      | Learned a level 3 spell: Mephitic Cloud
  4761 | D:5      | Entered Level 5 of the Dungeon
  4972 | D:5      | Noticed a water moccasin
  4981 | D:5      | Reached skill level 3 in Conjurations
  5162 | D:5      | Killed a water moccasin
  5163 | D:5      | Reached XP level 6. HP: 46/46 MP: 8/14
  5227 | D:5      | Identified the +4 sling "Elacoik" {drain, rPois}
  5302 | D:5      | Reached skill level 4 in Conjurations
  5963 | D:6      | Reached skill level 5 in Conjurations
  5963 | D:6      | Reached XP level 7. HP: 32/51 MP: 1/15
  6102 | D:6      | Noticed Pikel
  6108 | D:6      | Noticed Sigmund
  6110 | D:6      | Killed Sigmund
  6112 | D:6      | Killed Pikel
  6113 | D:6      | Reached skill level 6 in Conjurations
  6113 | D:6      | Reached XP level 8. HP: 41/58 MP: 16/16
  6145 | D:6      | Reached skill level 7 in Conjurations
  6383 | D:6      | Reached skill level 5 in Evocations
  6561 | D:6      | Found a staircase to the Ecumenical Temple.
  6931 | D:5      | Identified a scroll of acquirement
  6933 | D:5      | Acquired a +1 vampiric lajatang
  6973 | D:5      | Reached skill level 1 in Fighting
  6973 | D:5      | Reached skill level 1 in Staves
  7703 | D:6      | Found a runed translucent door.
  7704 | D:6      | Noticed Crazy Yiuf
  8213 | D:7      | Noticed Menkaure
  8226 | D:7      | HP: 2/62 [steam dragon/ball of steam (19)]
  8226 | D:7      | Mangled by a wight

Illustrated notes

Levels and vault maps discovered:
D:1:      minmay_arrival_arboretum_large, layout_loops_cross, serial_shops,
          shop, columned_hall_lemuel, st_stairs_14
D:2:      layout_basic, shapermc_ecumenical_altar_petra
D:3:      layout_basic, ebering_ghost_inner_flame, uniq_grinder
D:4:      layout_basic
D:5:      layout_loops_cross
D:6:      layout_basic, fedhas_altar_decomposition, temple_statues, uniq_pikel,
          uniq_crazy_yiuf_cottage, uniq_sigmund
D:7:      layout_basic, enter_bailey_4, kennysheep_generic_room_11,
          uniq_menkaure, uniq_joseph

Skill      XL: |  1  2  3  4  5  6  7  8 |
---------------+-------------------------+-----
Summonings     | 1 2 |  2.0
Translocations | 1 |  1.9
Spellcasting   | 3 |  3.3
Conjurations   | 1 2 3 5 6 7 |  7.8
Evocations     | 1 2 3 4 5 |  5.2
Fighting       | 2 |  2.5
Staves         | 3 |  3.7
Dodging        | |  1.7
Stealth        | |  1.7

Action                   |  1- 3 |  4- 6 |  7- 9 || total
-------------------------+-------+-------+-------++-------
Melee: Dagger            |    46 |       |       ||    46
       Punch             |     1 |       |       ||     1
       Staff             |     9 |    23 |    14 ||    46
       Lajatang          |       |       |    25 ||    25
 Cast: Magic Dart        |   139 |   133 |   103 ||   375
       Call Imp          |     1 |    16 |    12 ||    29
       Blink             |       |     4 |       ||     4
       Mephitic Cloud    |       |       |     5 ||     5
Evoke: Wand              |       |       |     7 ||     7
  Use: Potion            |       |     6 |     4 ||    10
       Scroll            |       |     6 |     5 ||    11
Armor: Robe              |    15 |    11 |    24 ||    50
Dodge: Dodged            |    52 |    39 |    60 ||   151

Table legend: (Time is in decaauts)
 A = Elapsed time spent in this place.
 B = Non-inter-level travel time spent in this place.
 C = Inter-level travel time spent in this place.
 D = Time resting spent in this place.
 E = Time spent auto-exploring this place.
 F = Levels seen in this place.
 G = Mean time per level.
                   A        B        C        D        E       F      G
               +--------+--------+--------+--------+--------+-----+--------+
         Total |   8215 |   8017 |    198 |   1547 |   5115 |   7 | 1173.6 |
       Dungeon |   8215 |   8017 |    198 |   1547 |   5115 |   7 | 1173.6 |
               +--------+--------+--------+--------+--------+-----+--------+

Top non-repeatable levels by time:
     D:6: 2045 daAuts
     D:1: 1484 daAuts
     D:3: 1313 daAuts
     D:5: 1304 daAuts
     D:2: 1151 daAuts
     D:4: 796 daAuts
     D:7: 119 daAuts
